 Dungeon Crawl Stone Soup version 0.28.0-53-g5a82cb258f (webtiles) character file.

Game seed: 15465897293150744819

142 nickcage the Conjurer (level 5, -3/38 HPs)
             Began as a Draconian Conjurer on July 11, 2022.
             Succumbed to a scorpion's poison
             ... on level 5 of the Dungeon.
             The game lasted 00:12:02 (3394 turns).

nickcage the Conjurer (Draconian Conjurer)          Turns: 3394, Time: 00:12:03

Health: -3/38      AC:  6    Str:  9    XL:     5   Next: 3%
Magic:  0/9        EV: 12    Int: 20    God:
Gold:   102        SH:  0    Dex: 10    Spells: 0/10 levels left

rFire   . . .      SeeInvis .   i - +0 dagger
rCold   . . .      Faith    .   (no shield)
rNeg    + . .      Spirit   .   (armour unavailable)
rPois   .          Reflect  .   (helmet restricted)
rElec   .          Harm     .   (no cloak)
rCorr   .          Rampage  .   (no gloves)
Will    .....                   d - +0 pair of boots
Stlth   ++........              (no amulet)
HPRegen 0.12/turn               m - ring of positive energy
MPRegen 0.11/turn               (no ring)

@: lethally poisoned (-3 -> -23)
A: AC +5, unfitting armour, cold-blooded
a: no special abilities


You were on level 5 of the Dungeon.
You visited 1 branch of the dungeon, and saw 5 of its levels.

You collected 102 gold pieces.

Inventory:

Hand Weapons
 i - a +0 dagger (weapon)
Missiles
 c - a poisoned dart
Armour
 d - a +0 pair of boots (worn)
Jewellery
 m - a ring of positive energy (left hand)
Scrolls
 a - 4 scrolls of teleportation {unknown}
 h - a scroll of brand weapon {unknown}
 k - 3 scrolls of identify {unknown}
 n - a scroll of summoning {unknown}
 o - a scroll of magic mapping {unknown}
 p - a scroll of fog {unknown}
Potions
 b - a potion of haste {unknown}
 e - 2 potions of flight {unknown}
 f - a potion of curing {unknown}
 g - a potion of resistance {unknown}
 j - a potion of heal wounds {unknown}
 l - a potion of lignification {unknown}
 q - a potion of brilliance {unknown}


   Skills:
 - Level 1.7 Dodging
 - Level 1.7 Stealth
 + Level 3.1 Spellcasting
 + Level 5.7 Conjurations


You couldn't memorise any spells.
You knew the following spells:

 Your Spells              Type           Power      Damage    Failure   Level
a - Magic Dart            Conj           100%       1d8       1%          1
b - Searing Ray           Conj           52%        2d6       1%          2
c - Fulminant Prism       Conj/Hex       7%         3d7       41%         4
d - Mephitic Cloud        Conj/Pois/Air  10%        N/A       19%         3

Your spell library contained the following spells:

 Spells                   Type           Power      Damage    Failure   Level
 Dazzling Flash           Conj/Hex       28%        N/A       13%         3
 Ignite Poison            Fire/Tmut/Pois 3%         N/A       38%         3
 Ozocubu's Armour         Ice            3%         N/A       38%         3
 Iskenderun's Mystic Bla  Conj/Tloc      14%        2d5       41%         4
 Freezing Cloud           Conj/Ice/Air   5%         6-21      87%         5
 Ozocubu's Refrigeration  Ice            1%         4d5       100%        7


Dungeon Overview and Level Annotations

Branches:
Dungeon (5/15)
 Temple: D:4-7

Altars:
Wu Jian
The Shining One

Portals:
Ossuary: D:4

Annotations:
D:4 Pikel


Innate Abilities, Weirdness & Mutations

Your plain brown scales are hard. (AC +5)
You cannot fit into any form of body armour.
You are cold-blooded and may be slowed by cold attacks.


Message History

You feel very sick.
The scorpion stings you but does no damage.
Your magical contamination has completely faded away.
You hit the scorpion but do no damage.
The scorpion is almost dead.
You feel sick.
The scorpion stings you but does no damage.
You hit the scorpion but do no damage. You tail-slap the scorpion.
The scorpion is almost dead.
You feel sick. The scorpion stings you.
You are more poisoned.
The scorpion poisons you!
You closely miss the scorpion.
The scorpion is almost dead.
You feel very sick. The scorpion stings you.
You are lethally poisoned!
The scorpion poisons you!
You are too injured to fight recklessly!
Aiming: Magic Dart (safe; 1% risk of failure)
Press: ? - help, Q - select action, (/) - cycle Shift-Dir - straight line, f/p - scorpion
Aim: a scorpion (almost dead, 100% to hit)
The magic dart hits the scorpion but does no damage.
The scorpion is almost dead.
You feel very sick. The scorpion stings you.
* * * LOW HITPOINT WARNING * * *
You are more poisoned.
The scorpion poisons you! The scorpion misses you.
You closely miss the scorpion.
You tail-slap the scorpion, but do no damage.
The scorpion is almost dead.
* * * LOW HITPOINT WARNING * * *
You feel very sick. The scorpion stings you.
* * * LOW HITPOINT WARNING * * *
You hit the scorpion but do no damage.
You tail-slap the scorpion, but do no damage.
The scorpion is almost dead.
You die...

####### ##.....##
#.......#######
#.............#
#.......#.##..#
#....#.....#..#####
#....#..#.........#
#.......#.##..###.#
##@...........# #.#
#s####.......# #.#
#.# ######### #.#
#># #.. ..# ### ..#
..# ....


You could see a scorpion.

Vanquished Creatures
  An ogre (D:4)
  A lemure (D:3)
  An adder (D:3)
  A worm (D:2)
  2 dart slugs
  2 orcs
  3 endoplasms
  4 giant cockroaches
  5 hobgoblins
  A quokka (D:1)
  2 ball pythons
  A frilled lizard (D:1)
  5 goblins
  8 kobolds
  3 rats
40 creatures vanquished.

Vanquished Creatures (others)
  A plant (D:3)
1 creature vanquished.

Grand Total: 41 creatures vanquished

Notes
Turn   | Place    | Note
-------+----------+-------------------------------------------
     0 | D:1      | nickcage the Draconian Conjurer began the quest for the
                  | Orb.
     0 | D:1      | Reached XP level 1. HP: 14/14 MP: 3/3
   296 | D:1      | Found Fuogor's Antique Armour Emporium.
   467 | D:1      | Found a faded altar of an unknown god.
   637 | D:1      | Reached XP level 2. HP: 20/20 MP: 0/5
   640 | D:1      | Learned a level 2 spell: Searing Ray
  1405 | D:2      | Identified the +1 leather armour of Joedwetz {rElec Will+
                  | MP+9}
  1929 | D:2      | Reached XP level 3. HP: 26/26 MP: 1/6
  2363 | D:3      | Reached skill level 5 in Conjurations
  2565 | D:3      | Found a glowing golden altar of the Shining One.
  2748 | D:3      | Found an ornate altar of the Wu Jian Council.
  3010 | D:4      | Noticed a necrophage
  3041 | D:4      | Noticed a black bear
  3079 | D:4      | Found a sand-covered staircase.
  3079 | D:4      | Noticed Pikel
  3079 | D:4      | Noticed a lemure
  3079 | D:4      | Noticed a lemure
  3083 | D:4      | Noticed a lemure
  3100 | D:3      | Killed a lemure
  3228 | D:4      | Noticed an ogre
  3233 | D:4      | Killed an ogre
  3234 | D:4      | Reached XP level 4. HP: 28/33 MP: 0/8
  3234 | D:4      | Reached XP level 5. HP: 33/38 MP: 0/9
  3236 | D:5      | Entered Level 5 of the Dungeon
  3317 | D:5      | Learned a level 4 spell: Fulminant Prism
  3321 | D:5      | Learned a level 3 spell: Mephitic Cloud
  3393 | D:5      | HP: 1/38 [scorpion (2)]
  3394 | D:5      | Succumbed to a scorpion's poison

Illustrated notes

Levels and vault maps discovered:
D:1:      minmay_arrival_wavy_path, layout_loops_ring,
          hellmonk_ecumenical_altar_run_dry, serial_shops, nicolae_square_shop
D:2:      layout_basic
D:3:      layout_loops_ring, nicolae_wu_jian_wuxing_cycle, tso_oasis_becter
D:4:      layout_rooms, mainiacjoe_overflow_paths, nicolae_ossuary_entry_ruins,
          uniq_pikel
D:5:      layout_loops_cross, gammafunk_temple_overflow_wave,
          evilmike_ruin_ashenzari, minmay_temple_entry_poolview, uniq_eustachio

Skill      XL: |  1  2  3 |
---------------+----------+-----
Conjurations   | 5 |  5.7
Spellcasting   | 3 |  3.1
Dodging        | |  1.7
Stealth        | |  1.7

Action                   |  1- 3 |  4- 6 || total
-------------------------+-------+-------++-------
Melee: Unarmed           |    53 |       ||    53
       Tailslap          |     3 |     3 ||     6
       Dagger            |    12 |     5 ||    17
Throw: Dart              |     2 |       ||     2
 Cast: Magic Dart        |    85 |     1 ||    86
       Searing Ray       |     7 |     2 ||     9
Armor: Skin              |    22 |     2 ||    24
Dodge: Dodged            |    57 |     3 ||    60
